[Event "GER-ch Youth-U10 2022"]
[Site "Willingen"]
[Date "2022.06.07"]
[Round "5.23"]
[White "Fels, Mattis"]
[Black "Wetzig, Karl Anton"]
[Result "1-0"]
[ECO "D00"]
[WhiteElo "1395"]
[BlackElo "884"]
[Annotator "NA RC COMBH"]
[PlyCount "57"]
[EventDate "2022.06.05"]
[EventType "swiss"]
[EventRounds "11"]
[EventCountry "GER"]
[SourceTitle "playchess.com"]
[Source "ChessBase"]
[SourceQuality "1"]
[TimeControl "40/4500+30:900+30"]

1. d4 d5 2. Nc3 Nf6 3. Bf4 Bf5 4. f3 g6 5. g4 Be6 6. Qd2 h6 7. O-O-O Bg7 8. e3 O-O 9. Bd3 Nbd7 10. h4 h5 11. gxh5 Nxh5 12. Nge2 Nxf4 13. Nxf4 Bh6 14. e4 c6 15. Rhg1 Qc7 16. Nce2 Kh7 17. e5 f6 18. Bxg6+ Kh8 19. Kb1 Bf7 20. Qd3 fxe5 21. dxe5 Nxe5 22. Qf5 Bxg6 23. Nxg6+ Nxg6 24. Qxg6 Qd6 25. Qh5 Rg8 26. Ng3 Rg6 27. Nf5 Qf6 28. Rxg6 Qf8 29. Rxh6+ 1-0

[Event "GER-ch Youth-U10 2022"]
[Site "Willingen"]
[Date "2022.06.07"]
[Round "5.24"]
[White "Khanbekyan, Aram"]
[Black "Hellriegel, Hannes"]
[Result "0-1"]
[WhiteElo "998"]
[BlackElo "1335"]
[Annotator "NA RC COMBH"]
[PlyCount "21"]
[EventDate "2022.06.05"]
[EventType "swiss"]
[EventRounds "11"]
[EventCountry "GER"]
[SourceTitle "playchess.com"]
[Source "ChessBase"]
[SourceQuality "1"]
[TimeControl "40/4500+30:900+30"]

1. e4 e5 2. Nf3 Nc6 3. d4 exd4 4. Bc4 Nf6 5. e5 d5 6. Bb5 Ne4 7. Nxd4 Bd7 8. Bxc6 bxc6 9. O-O Be7 10. Be3 O-O 11. Nd2 0-1

[Event "GER-ch Youth-U10 2022"]
[Site "Willingen"]
[Date "2022.06.07"]
[Round "5.25"]
[White "Wolf, Noah"]
[Black "Classen, Marnin"]
[Result "1-0"]
[ECO "C02"]
[WhiteElo "1073"]
[BlackElo "1168"]
[Annotator "NA RC COMBH"]
[PlyCount "65"]
[EventDate "2022.06.05"]
[EventType "swiss"]
[EventRounds "11"]
[EventCountry "GER"]
[SourceTitle "playchess.com"]
[Source "ChessBase"]
[SourceQuality "1"]
[TimeControl "40/4500+30:900+30"]

1. e4 e6 2. d4 d5 3. e5 c5 4. c3 Nc6 5. Nf3 Qb6 6. Be2 cxd4 7. O-O dxc3 8. Nxc3 Nge7 9. Be3 Qa5 10. Rc1 a6 11. Bd3 Qc7 12. Ne2 Ng6 13. Ned4 Bd7 14. Bxg6 hxg6 15. Ng5 Qxe5 16. Ndf3 Qf6 17. Re1 Be7 18. Rxc6 Bxc6 19. Bd4 Qf5 20. Re5 Qg4 21. h3 Qh5 22. Nxf7 Kxf7 23. Rxh5 Rxh5 24. Ne5+ Ke8 25. Nxg6 Rh7 26. Qb1 Bd6 27. Ne5 Rh8 28. Qg6+ Ke7 29. Qxg7+ Kd8 30. Qxh8+ Bf8 31. Qxf8+ Be8 32. Bb6+ Kc8 33. Qxe8# 1-0

[Event "GER-ch Youth-U10 2022"]
[Site "Willingen"]
[Date "2022.06.08"]
[Round "6.1"]
[White "Zimmer, Tim"]
[Black "Nezhyvenko, Mykhaylo"]
[Result "1/2-1/2"]
[ECO "B48"]
[WhiteElo "1164"]
[BlackElo "1488"]
[Annotator "NA RC COMBH"]
[PlyCount "68"]
[EventDate "2022.06.05"]
[EventType "swiss"]
[EventRounds "11"]
[EventCountry "GER"]
[SourceTitle "playchess.com"]
[Source "ChessBase"]
[SourceQuality "1"]
[TimeControl "40/4500+30:900+30"]

1. e4 c5 2. Nf3 e6 3. d4 cxd4 4. Nxd4 Nc6 5. Nc3 Qc7 6. a3 a6 7. Be3 Nf6 8. Be2 Be7 9. Qd2 O-O 10. f4 d6 11. O-O-O b5 12. Nxc6 Qxc6 13. Bf3 e5 14. f5 b4 15. axb4 Qc4 16. Nd5 Nxd5 17. Qxd5 Qxd5 18. Rxd5 Bb7 19. Rd3 Rfc8 20. Rhd1 Rc4 21. Rc3 Rac8 22. Rdd3 Bf8 23. Bd2 f6 24. b3 Rxc3 25. Rxc3 Rxc3 26. Bxc3 Kf7 27. Kd2 g6 28. g4 Bh6+ 29. Kd3 Bf4 30. h3 Bc6 31. Bd2 Ke7 32. Bxf4 exf4 33. Kd4 Bb5 34. c4 Bc6 1/2-1/2

[Event "GER-ch Youth-U10 2022"]
[Site "Willingen"]
[Date "2022.06.08"]
[Round "6.2"]
[White "Kateryniuk, Ivan"]
[Black "Allen, Phillipp"]
[Result "1-0"]
[ECO "B13"]
[WhiteElo "1187"]
[BlackElo "1467"]
[Annotator "NA RC COMBH"]
[PlyCount "27"]
[EventDate "2022.06.05"]
[EventType "swiss"]
[EventRounds "11"]
[EventCountry "GER"]
[SourceTitle "playchess.com"]
[Source "ChessBase"]
[SourceQuality "1"]
[TimeControl "40/4500+30:900+30"]

1. e4 c6 2. d4 d5 3. exd5 cxd5 4. Bd3 Nc6 5. c3 Nf6 6. Bf4 e6 7. Nf3 Bd6 8. Bg3 Qc7 9. Nbd2 Bd7 10. Qc2 Nb4 11. cxb4 Qxc2 12. Bxc2 Bxb4 13. O-O Rc8 14. Bd3 1-0

[Event "GER-ch Youth-U10 2022"]
[Site "Willingen"]
[Date "2022.06.08"]
[Round "6.3"]
[White "Zhang, Yibo"]
[Black "Belin, Anton"]
[Result "1-0"]
[ECO "B01"]
[WhiteElo "1436"]
[BlackElo "1213"]
[Annotator "NA RC COMBH"]
[PlyCount "69"]
[EventDate "2022.06.05"]
[EventType "swiss"]
[EventRounds "11"]
[EventCountry "GER"]
[SourceTitle "playchess.com"]
[Source "ChessBase"]
[SourceQuality "1"]
[TimeControl "40/4500+30:900+30"]

1. e4 d5 2. exd5 Nf6 3. d4 Nxd5 4. c4 Nb6 5. Nf3 Bg4 6. c5 Nd5 7. Qb3 Nc6 8. Qxb7 Ndb4 9. Bb5 Rb8 10. Bxc6+ Bd7 11. Bxd7+ Kxd7 12. Qe4 e6 13. O-O f5 14. Qe2 h6 15. Ne5+ Kc8 16. Nf7 Qf6 17. Nxh8 g5 18. a3 Nd5 19. Qa6+ Rb7 20. c6 Qxh8 21. Qxb7+ Kd8 22. Nc3 Nxc3 23. Qb8+ Ke7 24. Qxc7+ Kf6 25. Qe5+ Kf7 26. Qxh8 Ne2+ 27. Kh1 Bg7 28. Qh7 a5 29. c7 Nxd4 30. c8=Q a4 31. Qcg8+ Ke7 32. Qhxg7+ Kd6 33. Qxd4+ Kc6 34. Qc8+ Kb5 35. Qdc5# 1-0

[Event "GER-ch Youth-U10 2022"]
[Site "Willingen"]
[Date "2022.06.08"]
[Round "6.4"]
[White "Rohatgi, Kushagra"]
[Black "Rau, Eduard"]
[Result "0-1"]
[ECO "C54"]
[WhiteElo "1222"]
[BlackElo "1406"]
[Annotator "NA RC COMBH"]
[PlyCount "58"]
[EventDate "2022.06.05"]
[EventType "swiss"]
[EventRounds "11"]
[EventCountry "GER"]
[SourceTitle "playchess.com"]
[Source "ChessBase"]
[SourceQuality "1"]
[TimeControl "40/4500+30:900+30"]

1. e4 e5 2. Nf3 Nc6 3. Bc4 Nf6 4. d3 Bc5 5. c3 a5 6. a4 d6 7. O-O O-O 8. Re1 Be6 9. Bxe6 fxe6 10. Rf1 h6 11. d4 exd4 12. cxd4 Bb6 13. Nc3 Ng4 14. Qb3 Qf6 15. h3 Nxf2 16. Rxf2 Nxd4 17. Qd1 Nxf3+ 18. Qxf3 Bxf2+ 19. Kh1 Qxf3 20. gxf3 Rxf3 21. Kg2 Raf8 22. Nb5 Rg3+ 23. Kh2 Rg6 24. Bd2 Bg3+ 25. Kh1 Rf2 26. Be3 Rh2+ 27. Kg1 Bf4+ 28. Kf1 Bxe3 29. Ke1 Rg1# 0-1

[Event "GER-ch Youth-U10 2022"]
[Site "Willingen"]
[Date "2022.06.08"]
[Round "6.5"]
[White "Vartanian, Roman"]
[Black "Stehning, Toni"]
[Result "1/2-1/2"]
[ECO "D40"]
[WhiteElo "1511"]
[BlackElo "1097"]
[Annotator "NA RC COMBH"]
[PlyCount "57"]
[EventDate "2022.06.05"]
[EventType "swiss"]
[EventRounds "11"]
[EventCountry "GER"]
[SourceTitle "playchess.com"]
[Source "ChessBase"]
[SourceQuality "1"]
[TimeControl "40/4500+30:900+30"]

1. Nf3 d5 2. c4 e6 3. d4 c5 4. e3 Nc6 5. Nc3 Nf6 6. Be2 Be7 7. O-O O-O 8. a3 b6 9. Qc2 cxd4 10. cxd5 Nxd5 11. Nxd5 Qxd5 12. Bd3 Bb7 13. Bxh7+ Kh8 14. Be4 Qd7 15. Bxc6 Qxc6 16. Qxc6 Bxc6 17. Nxd4 Bb7 18. Bd2 Rfd8 19. Bc3 Rd5 20. Rfd1 Rad8 21. Rd2 e5 22. Nb3 Rxd2 23. Nxd2 f6 24. Nf1 g6 25. Ng3 Kg7 26. a4 a5 27. Ne2 Ba6 28. Re1 Kf7 29. Ng3 1/2-1/2

[Event "GER-ch Youth-U10 2022"]
[Site "Willingen"]
[Date "2022.06.08"]
[Round "6.6"]
[White "Campora, Daniel H."]
[Black "Teng, David"]
[Result "1-0"]
[ECO "D58"]
[WhiteElo "2397"]
[BlackElo "1423"]
[Annotator "TA"]
[PlyCount "67"]
[EventDate "2022.06.05"]
[EventType "swiss"]
[EventRounds "11"]
[EventCountry "GER"]
[SourceTitle "playchess.com"]
[Source "ChessBase"]
[SourceQuality "1"]
[TimeControl "40/4500+30:900+30"]

1. d4 d5 2. c4 e6 3. Nc3 Nf6 4. Bg5 Be7 5. Nf3 O-O 6. e3 h6 7. Bh4 b6 8. Bd3 dxc4 9. Bxc4 Bb7 10. O-O Nbd7 11. Qe2 c5 {[%emt 0:02:19] D58: Queen's Gambit Declined: Tartakower Defence.} 12. Rfd1 cxd4 13. Rxd4 {[%emt 0:01:44] [#] And now Rad1 would win.} Qc7 $146 {[%emt 0:01:50] White is slightly better.} ({Predecessor:} 13... Qc8 14. Rad1 Bc5 15. R4d2 a6 16. e4 Bc6 17. h3 Ra7 18. e5 Nh5 19. Nd4 Nf4 {½-½ (56) Dixit,K (1885)-Shepley,J (2020) England 2012}) 14. Bg3 e5 (14... Qc8 $11) 15. Rc1 Qc5 16. Rdd1 {[%emt 0:02:58] White is more active.} Rac8 17. Bb3 ({Better is} 17. Bb5 $16 e4 18. Nd4 (18. Bxd7 exf3 19. gxf3 Nxd7 $14)) 17... Qa5 $14 18. Bc4 {[%emt 0:02:27] Against Ba6} (18. Nh4 $16) 18... e4 $2 {[%emt 0:06:17] Black is on the road to losing.} (18... Qc5 $1 $11 19. Bb5 e4) 19. Nd4 $16 {[%emt 0:04:40][%cal Bf3d4,Bd4f5,Bf5d6][%mdl 32] Bb5 is the strong threat.} Nc5 20. Nf5 Rfe8 21. Bd6 $36 {[%emt 0:00:34][%mdl 2048] White is really pushing.} Bd8 $2 (21... Bf8) 22. Bxc5 $18 Qxc5 23. Nd6 {[%emt 0:00:09] Pair of Knights!} Bc7 24. Bxf7+ Kf8 25. Nxe8 Nxe8 26. Bxe8 Rxe8 {[%emt 0:00:12] [#]} (26... Qe5 $142 27. g3 Qxe8) 27. Nd5 $1 Bxh2+ (27... Qxc1 28. Rxc1) 28. Kxh2 Qd6+ 29. Nf4 Qf6 30. g3 g5 31. Ng2 Qf5 32. Qh5 {[%emt 0:02:35] Rc7 would kill now.} Qe6 33. Rc7 Bc8 34. Rh7 {[%emt 0:00:33] Weighted Error Value: White=0.44/Black=1.06} 1-0

[Event "GER-ch Youth-U10 2022"]
[Site "Willingen"]
[Date "2022.06.08"]
[Round "6.7"]
[White "Fischermann, Simon"]
[Black "Peglau, Paul David"]
[Result "1/2-1/2"]
[ECO "C01"]
[WhiteElo "1344"]
[BlackElo "1623"]
[Annotator "NA RC COMBH"]
[PlyCount "87"]
[EventDate "2022.06.05"]
[EventType "swiss"]
[EventRounds "11"]
[EventCountry "GER"]
[SourceTitle "playchess.com"]
[Source "ChessBase"]
[SourceQuality "1"]
[TimeControl "40/4500+30:900+30"]

1. e4 e6 2. d4 d5 3. exd5 exd5 4. Bf4 Nf6 5. Bd3 Bd6 6. Bxd6 Qxd6 7. Nc3 c6 8. Qd2 O-O 9. O-O-O b5 10. f3 a5 11. g4 Be6 12. h4 a4 13. h5 b4 14. Nb1 Na6 15. g5 Nd7 16. f4 f5 17. g6 h6 18. Nf3 b3 19. cxb3 axb3 20. a3 c5 21. Bxa6 Rxa6 22. Nc3 Rc8 23. Kb1 Nf6 24. Ne5 Ne4 25. Nxe4 dxe4 26. dxc5 Qxc5 27. Rc1 Rd6 28. Qe2 Qd4 29. Qb5 Rdd8 30. Nc6 Qd7 31. Qa5 Qd3+ 32. Ka1 Re8 33. Rhd1 Rxc6 34. Rb1 Ra6 35. Qc7 Qc4 36. Qe5 Raa8 37. Rbc1 Qa4 38. Rc7 Bd7 39. Qd5+ Be6 40. Qe5 Bd7 41. Qd5+ Be6 42. Qb7 Bd7 43. Qd5+ Kh8 44. Rxd7 1/2-1/2

[Event "GER-ch Youth-U10 2022"]
[Site "Willingen"]
[Date "2022.06.08"]
[Round "6.8"]
[White "Tak, Rannveer"]
[Black "Shen, Tingrui"]
[Result "0-1"]
[ECO "B26"]
[WhiteElo "1746"]
[BlackElo "1621"]
[Annotator "NA RC COMBH"]
[PlyCount "62"]
[EventDate "2022.06.05"]
[EventType "swiss"]
[EventRounds "11"]
[EventCountry "GER"]
[SourceTitle "playchess.com"]
[Source "ChessBase"]
[SourceQuality "1"]
[TimeControl "40/4500+30:900+30"]

1. e4 c5 2. Nc3 Nc6 3. g3 g6 4. Bg2 Bg7 5. d3 Rb8 6. Be3 d6 7. Qd2 b5 8. Nge2 b4 9. Nd1 a5 10. f4 Ba6 11. O-O a4 12. e5 Na5 13. a3 b3 14. c3 dxe5 15. Bxc5 Qxd3 16. Qxd3 Bxd3 17. Re1 Rc8 18. Bb4 Nc4 19. fxe5 Nxe5 20. Nd4 Nh6 21. Nf2 Ba6 22. Re3 O-O 23. Bxe7 Rfe8 24. Bg5 Nc4 25. Rxe8+ Rxe8 26. Bc6 Rc8 27. Bxa4 Nxb2 28. Bxb3 Rxc3 29. Re1 Bxd4 30. Bxh6 Bxf2+ 31. Kxf2 Nd3+ 0-1

[Event "GER-ch Youth-U10 2022"]
[Site "Willingen"]
[Date "2022.06.08"]
[Round "6.9"]
[White "Lee, Ho In"]
[Black "Li, Yunqi"]
[Result "0-1"]
[ECO "B41"]
[WhiteElo "1396"]
[BlackElo "1312"]
[Annotator "NA RC COMBH"]
[PlyCount "118"]
[EventDate "2022.06.05"]
[EventType "swiss"]
[EventRounds "11"]
[EventCountry "GER"]
[SourceTitle "playchess.com"]
[Source "ChessBase"]
[SourceQuality "1"]
[TimeControl "40/4500+30:900+30"]

1. e4 c5 2. Nf3 d6 3. d4 cxd4 4. Nxd4 Nf6 5. f3 a6 6. c4 e6 7. Nc3 Be7 8. Be3 Nbd7 9. Be2 O-O 10. O-O Ne5 11. Qd2 Bd7 12. Rac1 Rc8 13. b3 Qc7 14. Rfd1 Rfd8 15. Nb1 Qb8 16. Nc3 h6 17. a4 Be8 18. Rc2 Rd7 19. Rdc1 Bd8 20. Nd1 Bc7 21. Nf2 Rcd8 22. f4 Ng6 23. f5 Nf8 24. h3 e5 25. Nf3 Re7 26. Qb4 Bc6 27. Nd2 Red7 28. Bf3 Re8 29. Nf1 N8h7 30. h4 Qa8 31. Ng3 a5 32. Qe1 b6 33. Rd1 Qb7 34. Bc1 Bb8 35. Rc3 Kf8 36. Rcd3 Kg8 37. Ba3 Red8 38. R1d2 Bc7 39. Qd1 Qb8 40. Ne2 Ba8 41. Nc3 Bc6 42. Nb5 Bxb5 43. axb5 Ne8 44. Ng4 f6 45. Ne3 Qb7 46. Nd5 Bb8 47. Bh5 Nc7 48. Nxc7 Bxc7 49. Bxd6 Qxe4 50. Bf3 Qxd3 51. Rxd3 Bxd6 52. Bc6 Bc5+ 53. Kh2 Rxd3 54. Bd5+ R8xd5 55. Qg4 Rd8 56. Qe4 Rxb3 57. Qb7 Nf8 58. Qc7 Rd1 59. Qc6 Bg1+ 0-1

[Event "GER-ch Youth-U10 2022"]
[Site "Willingen"]
[Date "2022.06.08"]
[Round "6.10"]
[White "Gersemann, Karl"]
[Black "Dotschuweit, Erik"]
[Result "0-1"]
[ECO "C71"]
[WhiteElo "1620"]
[BlackElo "1323"]
[Annotator "NA RC COMBH"]
[PlyCount "74"]
[EventDate "2022.06.05"]
[EventType "swiss"]
[EventRounds "11"]
[EventCountry "GER"]
[SourceTitle "playchess.com"]
[Source "ChessBase"]
[SourceQuality "1"]
[TimeControl "40/4500+30:900+30"]

1. e4 e5 2. Nf3 Nc6 3. Bb5 a6 4. Ba4 d6 5. d4 b5 6. Bb3 Nxd4 7. Nxd4 exd4 8. Bd5 Rb8 9. Qxd4 c5 10. Qd1 Nf6 11. Bg5 Be7 12. Bxf6 Bxf6 13. c3 O-O 14. O-O Be5 15. f4 Bf6 16. Nd2 c4 17. Nf3 Bg4 18. h3 Bxf3 19. Qxf3 Qc7 20. a3 a5 21. Qe3 b4 22. axb4 axb4 23. Ra7 Qc8 24. e5 Bd8 25. Rxf7 Rxf7 26. e6 Re7 27. Qg3 Qc5+ 28. Kh2 Qxd5 29. f5 Qe5 30. f6 Qxg3+ 31. Kxg3 gxf6 32. cxb4 Rxb4 33. Rxf6 Rg7+ 34. Rg6 Rxg6+ 35. Kh2 Rxb2 36. e7 Rbxg2+ 37. Kh1 Rg1+ 0-1

[Event "GER-ch Youth-U10 2022"]
[Site "Willingen"]
[Date "2022.06.08"]
[Round "6.11"]
[White "Heitmann, Erik"]
[Black "Junge, Mattheo Gabriel"]
[Result "0-1"]
[ECO "E93"]
[WhiteElo "1287"]
[BlackElo "1132"]
[Annotator "NA RC COMBH"]
[PlyCount "86"]
[EventDate "2022.06.05"]
[EventType "swiss"]
[EventRounds "11"]
[EventCountry "GER"]
[SourceTitle "playchess.com"]
[Source "ChessBase"]
[SourceQuality "1"]
[TimeControl "40/4500+30:900+30"]

1. d4 Nf6 2. c4 g6 3. Nc3 Bg7 4. e4 d6 5. Nf3 O-O 6. Be2 e5 7. d5 Nbd7 8. Be3 Ng4 9. Bg5 f6 10. Bd2 f5 11. Ng5 Qf6 12. f3 f4 13. h4 Ne3 14. Bxe3 fxe3 15. Ne6 Rf7 16. Nxc7 Qf4 17. Kf1 Rb8 18. N7b5 Bf8 19. Qe1 Nf6 20. Kg1 Nh5 21. Nxa7 Bd7 22. Nab5 Ng3 23. Rh2 Be7 24. a4 h6 25. a5 g5 26. h5 g4 27. a6 gxf3 28. Bxf3 bxa6 29. Rxa6 Bxb5 30. cxb5 Rg7 31. b6 Bd8 32. Ne2 Nxe2+ 33. Qxe2 Bxb6 34. Rh3 Bd4 35. Ra2 Rc7 36. Ra1 Rxb2 37. Ra8+ Kf7 38. Qe1 e2+ 39. Kh1 Rc1 40. Qxc1 Qxc1+ 41. Kh2 Qf4+ 42. g3 e1=N+ 43. Kh1 Qxf3# 0-1

[Event "GER-ch Youth-U10 2022"]
[Site "Willingen"]
[Date "2022.06.08"]
[Round "6.12"]
[White "Rodriguez Klasen, Ennio"]
[Black "Kutz, Paul Matti"]
[Result "1-0"]
[ECO "D34"]
[WhiteElo "1315"]
[BlackElo "1202"]
[Annotator "NA RC COMBH"]
[PlyCount "103"]
[EventDate "2022.06.05"]
[EventType "swiss"]
[EventRounds "11"]
[EventCountry "GER"]
[SourceTitle "playchess.com"]
[Source "ChessBase"]
[SourceQuality "1"]
[TimeControl "40/4500+30:900+30"]

1. Nf3 e6 2. g3 d5 3. Bg2 Nf6 4. c4 c5 5. cxd5 exd5 6. O-O Be7 7. d4 O-O 8. Nc3 Nc6 9. b3 Ne8 10. dxc5 d4 11. Nb5 Bxc5 12. Bb2 Bg4 13. Nbxd4 Qc7 14. Nxc6 bxc6 15. Qc2 Be7 16. Ne5 f5 17. Qxc6 Qxc6 18. Nxc6 Bc5 19. Ne7+ Bxe7 20. Bxa8 f4 21. Bd5+ Kh8 22. Be5 Bxe2 23. Rfe1 f3 24. Bd4 h5 25. Bxf3 Rxf3 26. Rxe2 Rf7 27. Rae1 Nd6 28. Rxe7 Nf5 29. Rxf7 Nxd4 30. Re8+ Kh7 31. Ree7 Kh6 32. Rf4 Nc2 33. Rxa7 Ne1 34. Kf1 Nd3 35. Rd4 Ne5 36. f4 Nf3 37. Rd6+ Kh7 38. a4 Nxh2+ 39. Kg2 Ng4 40. a5 Ne3+ 41. Kf3 Nf5 42. Rd5 Nh6 43. a6 Ng8 44. Rxg7+ Kxg7 45. a7 h4 46. a8=Q Nh6 47. Qb7+ Kg6 48. Qc6+ Kg7 49. Rd7+ Nf7 50. Qe6 hxg3 51. Qxf7+ Kh6 52. Qh7# 1-0

[Event "GER-ch Youth-U10 2022"]
[Site "Willingen"]
[Date "2022.06.08"]
[Round "6.13"]
[White "Fadeev, Justin Michael"]
[Black "Sheng, Ming"]
[Result "0-1"]
[ECO "B78"]
[WhiteElo "1320"]
[BlackElo "1258"]
[Annotator "NA RC COMBH"]
[PlyCount "82"]
[EventDate "2022.06.05"]
[EventType "swiss"]
[EventRounds "11"]
[EventCountry "GER"]
[SourceTitle "playchess.com"]
[Source "ChessBase"]
[SourceQuality "1"]
[TimeControl "40/4500+30:900+30"]

1. e4 c5 2. Nf3 Nc6 3. d4 cxd4 4. Nxd4 g6 5. Nc3 Bg7 6. Be3 Nf6 7. Bc4 O-O 8. Bb3 d6 9. f3 Bd7 10. Qd2 Nxd4 11. Bxd4 b5 12. O-O-O a5 13. Nd5 Nxd5 14. Bxg7 Kxg7 15. Bxd5 Rc8 16. e5 Bf5 17. Be4 Bxe4 18. fxe4 dxe5 19. Qe2 Qb6 20. g4 Rc4 21. h4 Rfc8 22. Rd2 Qb7 23. Re1 h6 24. Qf3 R8c6 25. g5 h5 26. Rf1 f6 27. Rfd1 Qc8 28. Qb3 a4 29. gxf6+ Kxf6 30. Qd3 Kg7 31. Rg1 b4 32. Kb1 b3 33. axb3 axb3 34. Qxb3 Rxe4 35. Qd5 Re3 36. Rg5 Rxc2 37. Rxc2 Re1+ 38. Ka2 Qxc2 39. Ka3 Ra1+ 40. Kb4 Qxb2+ 41. Kc4 Rc1+ 0-1

[Event "GER-ch Youth-U10 2022"]
[Site "Willingen"]
[Date "2022.06.08"]
[Round "6.14"]
[White "Van 't Hof, Eric"]
[Black "Bundan, Edward"]
[Result "0-1"]
[ECO "B48"]
[WhiteElo "2081"]
[BlackElo "1240"]
[Annotator "TA"]
[PlyCount "104"]
[EventDate "2022.06.05"]
[EventType "swiss"]
[EventRounds "11"]
[EventCountry "GER"]
[SourceTitle "playchess.com"]
[Source "ChessBase"]
[SourceQuality "1"]
[TimeControl "40/4500+30:900+30"]

1. e4 c5 2. Nf3 e6 3. d4 cxd4 4. Nxd4 Nc6 5. Nc3 Qc7 6. Be3 Nf6 7. Qf3 {[%emt 0:00:20] B48: Sicilian: Taimanov: 5 Nc3 Qc7 6 Be3 a6 without Be2.} Bb4 {[%emt 0:01:28] aiming for ...Ne5.} 8. Ndb5 Qa5 {[%emt 0:11:52] Strongly threatening ...a6.} 9. O-O-O {[%emt 0:09:41] White is slightly better.} O-O 10. a3 {[%emt 0:03:30] [#]} Bxc3 $146 (10... Be7 $142) ({Predecessor:} 10... Be7 11. Nd6 b5 12. Bxb5 Rb8 13. Nc4 Qc7 14. e5 Nxe5 15. Nxe5 Bb7 16. Qf4 d6 {1-0 (31) Ileana,G (2344)-Haring,F (2334) Pardubice 2019}) 11. Nxc3 $16 (11. bxc3 $2 d5 12. exd5 exd5 $17) 11... a6 12. h4 b5 (12... Ne8 $16 {keeps fighting.} 13. Kb1 f5) 13. Bc5 Rd8 14. Qe3 {[%emt 0:02:15] Hoping for Bb6.} Rb8 {[%emt 0:06:34] Inhibits Bb6.} 15. Na2 {[%emt 0:06:01] Prevents b4.} (15. Be2 $16) 15... d5 $14 16. Nb4 Nxb4 17. Bxb4 Qc7 18. e5 Ng4 19. Qg3 (19. Qd2 $1 $14) 19... Nxe5 $11 20. Bc3 f6 $36 {[%emt 0:01:02][%mdl 2048] Black is pushing.} 21. f4 (21. h5 $11 {remains equal.}) 21... Ng6 $17 22. Bd2 e5 23. fxe5 Qxe5 (23... Bf5 $17 24. Bd3 Bxd3 25. Qxd3 Nxe5) 24. Qf2 (24. Qxe5 $15 {is more appropriate.} Nxe5 25. Ba5) 24... Qf5 {[%emt 0:02:22] Black is more active.} 25. Qg3 {[%emt 0:01:47] [#]} Ne5 (25... Be6 $1 $17 26. Ba5 Rdc8) 26. Be2 (26. Bc3 $15) 26... Bb7 (26... Qe4 $17 27. Bd3 Qg4) 27. Rhf1 Qg6 28. Qxg6 Nxg6 29. h5 Ne5 30. Bf4 (30. h6 $11) 30... h6 31. Bxe5 fxe5 32. Bg4 Re8 {[%emt 0:01:27] Prevents Be6+.} 33. Bf5 e4 ({Black should play} 33... Rbd8 $17) 34. Bg6 (34. g4 $11 {feels stronger.}) 34... Re7 35. Rf5 e3 36. Re1 d4 37. g4 (37. Rf4 $15) 37... Be4 $19 38. Rf4 Bxg6 39. hxg6 {[%emt 0:00:20][%mdl 4096] Endgame KRR-KRR} Rd8 40. Rf3 Rde8 41. Kd1 Re6 42. Rf4 Rd8 ({Weaker is} 42... Rxg6 43. Rxd4 Rf6 44. Re2 $17) 43. Ke2 Rxg6 44. Rd1 Rc6 $2 (44... Rgd6 $19 {...R8d7 is the strong threat.} 45. Rd3 Kh7) 45. c3 $1 $11 Rc4 46. Rdxd4 Rdxd4 47. Rxd4 {[%emt 0:00:17][%mdl 8192] [#]} (47. cxd4 $11 b4 48. Kxe3) 47... Rxd4 {[%emt 0:00:55] Black mates.} 48. cxd4 {[%emt 0:00:10] KP-KP} Kf7 49. Kxe3 Ke6 50. Ke4 g6 51. b4 h5 52. d5+ Kd6 {[%emt 0:00:50] Black used his chance.  Weighted Error Value: White=0.34/Black=0.27 (precise)} 0-1

[Event "GER-ch Youth-U10 2022"]
[Site "Willingen"]
[Date "2022.06.08"]
[Round "6.16"]
[White "Lanert, Theodor"]
[Black "Chua, Daniel James"]
[Result "0-1"]
[ECO "C50"]
[WhiteElo "1306"]
[BlackElo "1314"]
[Annotator "NA RC COMBH"]
[PlyCount "86"]
[EventDate "2022.06.05"]
[EventType "swiss"]
[EventRounds "11"]
[EventCountry "GER"]
[SourceTitle "playchess.com"]
[Source "ChessBase"]
[SourceQuality "1"]
[TimeControl "40/4500+30:900+30"]

1. e4 e5 2. Nf3 Nc6 3. Bc4 Bc5 4. O-O Nf6 5. d4 Bxd4 6. Nxd4 Nxd4 7. Bg5 h6 8. Bh4 d6 9. f4 Qe7 10. fxe5 dxe5 11. Nc3 Be6 12. Bxe6 Qxe6 13. Bxf6 gxf6 14. Nd5 O-O-O 15. Rxf6 Qd7 16. c3 Ne6 17. Qh5 Ng5 18. Re1 Nxe4 19. Rxe4 Qxd5 20. Rxe5 Qd1+ 21. Rf1 Qxh5 22. Rxh5 Rd2 23. Rb5 Re8 24. Rf2 Re1+ 25. Rf1 Ree2 26. Rxf7 Rxg2+ 27. Kf1 Rxh2 28. Kg1 Rxb2 29. Re5 Rhd2 30. Re8+ Rd8 31. Ree7 Rd1+ 32. Rf1 Rxf1+ 33. Kxf1 Rxa2 34. Ke1 b5 35. Re5 a6 36. Rh5 a5 37. Rxb5 a4 38. Ra5 Kb7 39. c4 Kb6 40. Rb5+ Ka6 41. Kd1 a3 42. Rb8 Ka5 43. Kc1 Ka4 0-1

[Event "GER-ch Youth-U10 2022"]
[Site "Willingen"]
[Date "2022.06.08"]
[Round "6.17"]
[White "Vu, Khoi Nguyen"]
[Black "Moskalenko, Michael"]
[Result "0-1"]
[ECO "B13"]
[WhiteElo "1627"]
[BlackElo "1266"]
[Annotator "NA RC COMBH"]
[PlyCount "96"]
[EventDate "2022.06.05"]
[EventType "swiss"]
[EventRounds "11"]
[EventCountry "GER"]
[SourceTitle "playchess.com"]
[Source "ChessBase"]
[SourceQuality "1"]
[TimeControl "40/4500+30:900+30"]

1. e4 c6 2. d4 d5 3. exd5 cxd5 4. Bd3 Nf6 5. Bf4 Nc6 6. Nf3 Bg4 7. Nbd2 Nxd4 8. h3 Nxf3+ 9. Nxf3 Bd7 10. O-O e6 11. Ne5 Bc5 12. Bg5 Be7 13. Qe2 O-O 14. h4 h6 15. Bd2 Bd6 16. Nxd7 Nxd7 17. g3 Ne5 18. Bc3 Nxd3 19. Qxd3 Bc5 20. b4 Bb6 21. a4 Bc7 22. Rad1 Rc8 23. Qd4 f6 24. Rfe1 Be5 25. Rxe5 fxe5 26. Qxe5 Qf6 27. Qxf6 gxf6 28. Bd4 a6 29. Bc5 Rfe8 30. a5 Rcd8 31. Kf1 Kf7 32. Ke2 h5 33. Ke3 e5 34. Kd3 Rg8 35. Ke3 Rg4 36. Kd3 Ke6 37. Rb1 Rc8 38. Re1 Rc4 39. Re2 Rg8 40. Re1 Rgg4 41. c3 Kf5 42. Rg1 Rg6 43. Rb1 Ke6 44. Re1 Rgg4 45. Re2 f5 46. Bd4 Re4 47. Be3 f4 48. f3 Rxe3+ 0-1